 Dungeon Crawl Stone Soup version 0.27.0-1-g7a089689b8 (webtiles) character file.

Game seed: 13713049168389656178

403 freelancePsychic the Sneak (level 6, -11/39 HPs)
             Began as a Vampire Hunter on Aug 3, 2021.
             Mangled by Menkaure (17 damage)
             ... on level 5 of the Dungeon.
             The game lasted 00:06:50 (2565 turns).

freelancePsychic the Sneak (Vampire Hunter)         Turns: 2565, Time: 00:06:50

Health: -11/39     AC:  5    Str: 11    XL:     6   Next: 55%
Magic:  6/6        EV: 12    Int: 16    God:
Gold:   115        SH:  0    Dex: 14    Spells: 5/5 levels left

rFire    . . .     SeeInvis +   b - +0 short sword
rCold    + + .     Faith    .   (no shield)
rNeg     + + +     Spirit   .   c - +0 leather armour
rPois    ∞         Reflect  .   (no helmet)
rElec    .         Harm     .   e - +1 cloak
rCorr    .         Rampage  .   (no gloves)
Will     .....                  (no boots)
Stlth    +++++.....             (no amulet)
HPRegen  0.00/turn              (no ring)
MPRegen  0.10/turn              (no ring)

@: brilliant, bloodless, inhibited regen
A: bloodless, fangs 3, see invisible, vampiric 2
a: Bat Form, Revivify


You were on level 5 of the Dungeon.
You visited 1 branch of the dungeon, and saw 5 of its levels.

You collected 115 gold pieces.

Inventory:

Hand Weapons
 a - a +1 hunting sling
 b - a +0 short sword (weapon)
Missiles
 d - 11 sling bullets
 f - 77 stones (quivered)
Armour
 c - a +0 leather armour (worn)
 e - a +1 cloak (worn)
Jewellery
 i - a ring of resist corrosion
 r - an amulet of regeneration
Wands
 k - a wand of charming (1)
Scrolls
 g - a scroll of immolation {unknown}
 h - a scroll of torment {unknown}
 j - a scroll of enchant armour
 n - 2 scrolls of teleportation {unknown}
 o - a scroll of fear {unknown}
 p - 2 scrolls of noise {unknown}
 q - a scroll of amnesia {unknown}
Potions
 m - a potion of brilliance


   Skills:
 - Level 4.4 Fighting
 + Level 1.5 Short Blades
 - Level 3.2 Slings
 - Level 2.6 Dodging
 + Level 7.3 Stealth


You had 5 spell levels left.
You didn't know any spells.
Your spell library contained the following spells:

 Spells                   Type           Power      Damage    Failure   Level
 Foxfire                  Conj/Fire      0%         2x1d4     32%         1
 Conjure Flame            Conj/Fire      0%         6-21      69%         3
 Inner Flame              Hex/Fire       0%         N/A       69%         3
 Ozocubu's Armour         Ice            0%         N/A       69%         3
 Summon Guardian Golem    Hex/Summ       0%         N/A       69%         3
 Orb of Destruction       Conj           0%         N/A       100%        7
 Ozocubu's Refrigeration  Ice            0%         4d5       100%        7
 Spellforged Servitor     Conj/Summ      0%         N/A       100%        7


Dungeon Overview and Level Annotations

Branches:
Dungeon (5/15)
 Temple: D:4-7

Altars:
Hepliaklqana
Makhleb

Annotations:
D:3 3 runed translucent doors, Terence
D:5 Menkaure


Innate Abilities, Weirdness & Mutations

You do not regenerate when monsters are visible.
You are frail without blood (-20% HP).
You can heal yourself when you bite living creatures.
You are immune to poison.
You have razor-sharp teeth.
You have supernaturally acute eyesight. (SInv)
You are afflicted with vampirism and can become a bat while bloodless.


Message History

Menkaure misses you.
You hit Menkaure. Your bite misses Menkaure.
Menkaure is moderately damaged.
Menkaure misses you.
You hit Menkaure but do no damage.
Menkaure is moderately damaged.
Menkaure hits you. Menkaure barely misses you.
You barely miss Menkaure.
Menkaure is moderately damaged.
Menkaure misses you.
You hit Menkaure.
Menkaure is moderately damaged.
Menkaure barely misses you.
You hit Menkaure but do no damage.
Menkaure is moderately damaged.
Menkaure hits you!
You hit Menkaure but do no damage.
Menkaure is moderately damaged.
Menkaure hits you. Menkaure hits you!!
* * * LOW HITPOINT WARNING * * *
You hit Menkaure but do no damage.
Menkaure is moderately damaged.
Menkaure hits you but does no damage.
It was a potion of brilliance.
You feel clever all of a sudden. Menkaure barely misses you.
There is an open door here.
Menkaure barely misses you.
As you read the scroll labelled FUEGEPT SEOMUN, it crumbles to dust.
It is a scroll of enchant armour.
Your +0 cloak glows green for a moment.
Menkaure completely misses you.
It was a potion of heal wounds.
You feel much better. Menkaure hits you!!
It was a potion of curing.
You feel better. Menkaure barely misses you.
You hit Menkaure but do no damage. You bite Menkaure.
Menkaure is moderately damaged.
Menkaure rustles, "Let me perform the rites..."
Menkaure hits you!
* * * LOW HITPOINT WARNING * * *
Menkaure hits you!
You die...

##....#.....+...#......#
##....#.....#...#......#
......#.....#####......#
##....##+##........#####
##....##..#........#
####'###..#........#
.#........#........#
##........'........#
##....#####.....@..#
#....#......###M###
#.....#......+..W.#
##....#......#....#
##....#......#'####
#######...........#
##....#...........#
.#....#...........#
.#....####+##.....#


You could see a phantom and Menkaure (fast).

Vanquished Creatures
  Sigmund (D:2)
  A phantom (D:5)
  A water moccasin skeleton (D:5)
  Jessica (D:3)
  A centaur skeleton (D:4)
  An adder (D:2)
  A worm (D:3)
  3 dart slugs (D:2)
  An orc (D:3)
  A ball python (D:1)
  3 bats
  11 endoplasms
  3 giant cockroaches
  8 goblins
  3 hobgoblins
  3 jackals
  2 quokkas
  4 frilled lizards
  2 kobolds
  5 rats
  A toadstool (D:1)
57 creatures vanquished.

Vanquished Creatures (collateral kills)
  A gnoll (D:4)
  A giant cockroach (D:4)
  A goblin (D:4)
  A jackal (D:4)
4 creatures vanquished.

Vanquished Creatures (others)
  3 toadstools (D:1)
3 creatures vanquished.

Grand Total: 64 creatures vanquished

Notes
Turn   | Place    | Note
-------+----------+-------------------------------------------
     0 | D:1      | freelancePsychic the Vampire Hunter began the quest for the
                  | Orb.
     0 | D:1      | Reached XP level 1. HP: 16/16 MP: 1/1
   202 | D:1      | Reached XP level 2. HP: 11/22 MP: 2/2
   509 | D:1      | Reached skill level 2 in Stealth
   895 | D:2      | Gained mutation: You are afflicted with vampirism and can
                  | become a bat while bloodless. [Vampire growth]
   895 | D:2      | Reached XP level 3. HP: 28/28 MP: 3/3
  1056 | D:2      | Noticed Sigmund
  1069 | D:2      | Reached skill level 3 in Stealth
  1163 | D:2      | Killed Sigmund
  1164 | D:2      | Reached skill level 5 in Stealth
  1164 | D:2      | Reached XP level 4. HP: 23/37 MP: 4/4
  1164 | D:2      | Reached XP level 5. HP: 26/42 MP: 5/5
  1525 | D:3      | Noticed Jessica
  1529 | D:3      | Killed Jessica
  1530 | D:3      | Reached skill level 6 in Stealth
  1570 | D:3      | Found a faded altar of an unknown god.
  1675 | D:3      | Found a runed translucent gate.
  1676 | D:3      | Found a runed translucent gate.
  1677 | D:3      | Found a runed translucent gate.
  1688 | D:3      | Found a hazy altar of Hepliaklqana.
  1765 | D:3      | Noticed Terence
  1855 | D:5      | Entered Level 5 of the Dungeon
  1988 | D:4      | Reached XP level 6. HP: 48/48 MP: 6/6
  2157 | D:5      | Reached skill level 1 in Short Blades
  2157 | D:5      | Reached skill level 7 in Stealth
  2236 | D:5      | Noticed an ice beast
  2497 | D:5      | Found a burning altar of Makhleb.
  2531 | D:5      | Noticed Menkaure
  2565 | D:5      | Mangled by Menkaure

Illustrated notes

Levels and vault maps discovered:
D:1:      ldierk_water_garden, layout_basic
D:2:      layout_loops_ring, kennysheep_generic_room_13, uniq_sigmund
D:3:      layout_rooms, lemuel_crystal_altar, hellmonk_ecumenical_altar_zigzags,
          gammafunk_ghost_necromancy, uniq_jessica, uniq_terence
D:4:      layout_rooms, patterned_corridor
D:5:      layout_gridville, mainiacjoe_overflow_24_doors, kennysheep_mini_moat,
          uniq_menkaure, uniq_blork_the_orc

Skill      XL: |  1  2  3  4  5  6 |
---------------+-------------------+-----
Fighting       | 2 3 4 |  4.4
Stealth        | 2 5 6 7 |  7.3
Short Blades   | 1 |  1.5
Slings         | |  3.2
Dodging        | |  2.6

Action                   |  1- 3 |  4- 6 || total
-------------------------+-------+-------++-------
Melee: Short sword       |    62 |    73 ||   135
       Bite              |     6 |     6 ||    12
       Hunting sling     |     1 |       ||     1
 Fire: Hunting sling     |    42 |    66 ||   108
 Abil: Exsanguinate      |       |     1 ||     1
Evoke: Wand              |       |     3 ||     3
  Use: Potion            |       |     3 ||     3
       Scroll            |       |     1 ||     1
 Stab: Sleeping          |     2 |     2 ||     4
Armor: Leather armour    |    16 |    31 ||    47
Dodge: Dodged            |    39 |    77 ||   116
